 Dungeon Crawl Stone Soup version 0.21.1-1-g345015f (webtiles) character file.

1000 Kagorn the Chopper (level 8, -9/71 HPs)
             Began as a Hill Orc Fighter on June 22, 2018.
             Was an Initiate of Beogh.
             Mangled by LairdRich's ghost (16 damage)
             ... on level 5 of the Dungeon.
             The game lasted 00:17:45 (3890 turns).

Kagorn the Chopper (Hill Orc Fighter)               Turns: 3890, Time: 00:17:45

Health: -9/71      AC:  7    Str: 21    XL:     8   Next: 19%
Magic:  8/8        EV:  9    Int:  8    God:    Beogh [......]
Gold:   251        SH:  0    Dex: 10    Spells: 7/7 levels left

rFire    . . .     SeeInvis .   s - +2 flail (protect)
rCold    . . .     Gourm    .   c - +0 shield
rNeg     . . .     Faith    .   r - +1 ring mail {rPois}
rPois    +         Spirit   .   (no helmet)
rElec    .         Reflect  .   (no cloak)
rCorr    .         Harm     .   (no gloves)
MR       .....                  (no boots)
Stlth    ..........             (no amulet)
HPRegen  0.21/turn              m - ring of wizardry
MPRegen  0.11/turn              (no ring)

@: sleeping, glowing
A: no striking features
a: Renounce Religion


You were on level 5 of the Dungeon.
You worshipped Beogh.
Beogh was noncommittal.
You were not hungry.

You visited 1 branch of the dungeon, and saw 5 of its levels.

You collected 251 gold pieces.

Inventory:

Hand Weapons
 a - a +0 war axe
 l - a +3 spear
 q - a +0 flail of crushing
 s - a +2 flail of protection (weapon)
Missiles
 o - 3 javelins of returning (quivered)
Armour
 b - a +0 scale mail
 c - a +0 shield (worn)
 r - a +1 ring mail of poison resistance (worn)
Jewellery
 m - a ring of wizardry (left hand)
Scrolls
 i - a scroll of enchant armour {unknown}
 j - 4 scrolls of remove curse
 k - 3 scrolls of identify {unknown}
 n - a scroll of fear {unknown}
Potions
 d - a potion of might
 e - 2 potions of flight {unknown}
 g - 2 potions of berserk rage {unknown}
 h - a potion of curing {unknown}
 p - a potion of heal wounds
Comestibles
 f - 7 rations


   Skills:
 * Level 6.9 Fighting
 * Level 7.0 Axes
 + Level 5.0 Armour
 + Level 2.5 Dodging
 + Level 4.9 Shields


You had 7 spell levels left.
You didn't know any spells.

Dungeon Overview and Level Annotations

Branches:
Dungeon (5/15)
 Temple: D:4-7

Altars:
Ashenzari
Cheibriados
Dithmenos
Gozag
Okawaru
Ru

Annotations:
D:5 LairdRich's ghost, novice SpEn


Message History

LairdRich's ghost hits you but does no damage.
You are electrocuted!
You completely miss LairdRich's ghost.
LairdRich's ghost is lightly damaged.
LairdRich's ghost hits you.
You are electrocuted!
You block LairdRich's ghost's attack. LairdRich's ghost casts a spell at you.
You are confused.
LairdRich's ghost hits you but does no damage.
You are electrocuted!
* * * LOW HITPOINT WARNING * * *
LairdRich's ghost gestures at you while chanting.
You fall asleep.
A crimson imp comes into view.
The crimson imp shouts!
The crimson imp blinks!
You feel less confused. The crimson imp puffs mist at you.
LairdRich's ghost hits you!
You die...

###.....##. #............#
#............#
####............#
#...............#
##...............#
#................#
#...#..W.........#
#...#...@........#
#...#.5..........#
...............####..###
...............# ##.##
.......ยง.......# #..#
...W........#########.##
.......................###
............##............#
...../.>..................#


You could see LairdRich's ghost and a crimson imp.

Vanquished Creatures
  The ghost of Kagorn the Skirmisher, an amateur HOFi of Beogh (D:4)
  The ghost of Stil the Conjurer, an amateur DrCj (D:3)
  Edmund (D:4)
  A sky beast (D:4)
  A crimson imp (D:5)
  An orc priest (D:4)
  4 orc wizards
  An iguana (D:4)
  13 gnolls
  A worker ant zombie (D:3)
  5 adders
  3 oozes (D:1)
  An adder skeleton (D:4)
  2 worms
  4 dart slugs
  2 leopard geckos
  13 orcs
  4 ball pythons
  3 giant cockroaches
  5 goblins
  7 hobgoblins
  2 quokkas
  4 bats
  6 frilled lizards
  12 kobolds
  7 rats
105 creatures vanquished.

Vanquished Creatures (others)
  An orc priest (D:4)
  An orc wizard (D:4)
  An orc (D:4)
3 creatures vanquished.

Grand Total: 108 creatures vanquished

Notes
Turn   | Place    | Note
-------+----------+-------------------------------------------
     0 | D:1      | Kagorn the Hill Orc Fighter began the quest for the Orb.
     0 | D:1      | Reached XP level 1. HP: 19/19 MP: 1/1
    50 | D:1      | Reached skill level 3 in Axes
    52 | D:1      | Reached XP level 2. HP: 23/27 MP: 2/2
   159 | D:1      | Reached XP level 3. HP: 28/33 MP: 3/3
   527 | D:1      | Reached XP level 4. HP: 38/40 MP: 4/4
   701 | D:2      | Reached skill level 4 in Axes
  1008 | D:2      | Found an iron altar of Okawaru.
  1009 | D:2      | Found a sacrificial altar of Ru.
  1046 | D:2      | Reached skill level 1 in Dodging
  1053 | D:2      | Found a shadowy altar of Dithmenos.
  1146 | D:2      | Reached XP level 5. HP: 36/47 MP: 5/5
  1458 | D:2      | Found a faded altar of an unknown god.
  1824 | D:3      | Found a shattered altar of Ashenzari.
  2134 | D:3      | Reached skill level 5 in Fighting
  2292 | D:3      | Reached XP level 6. HP: 50/56 MP: 6/6
  2307 | D:3      | Noticed Stil's ghost (amateur DrCj)
  2308 | D:3      | Found a snail-covered altar of Cheibriados.
  2322 | D:3      | Killed Stil's ghost
  2322 | D:3      | Reached skill level 5 in Axes
  2726 | D:4      | Reached XP level 7. HP: 27/62 MP: 7/7
  2749 | D:4      | Became a worshipper of Beogh the Brigand
  3008 | D:4      | Noticed Edmund
  3029 | D:4      | Killed Edmund
  3029 | D:4      | Reached skill level 6 in Axes
  3132 | D:4      | Noticed Kagorn's ghost (amateur HOFi)
  3156 | D:4      | Killed Kagorn's ghost
  3223 | D:4      | Found an opulent altar of Gozag.
  3468 | D:5      | Entered Level 5 of the Dungeon
  3486 | D:5      | Reached XP level 8. HP: 47/71 MP: 8/8
  3507 | D:4      | Reached skill level 7 in Axes
  3507 | D:4      | Reached skill level 5 in Armour
  3856 | D:5      | Noticed LairdRich's ghost (novice SpEn)
  3890 | D:5      | Mangled by LairdRich's ghost

Skill      XL: |  1  2  3  4  5  6  7  8 |
---------------+-------------------------+-----
Axes           | 3 4 5 6 7 |  7.0
Fighting       | 4 5 6 |  6.9
Dodging        | 1 2 |  2.5
Armour         | 4 5 |  5.0
Shields        | 4 |  4.9

Action                   |  1- 3 |  4- 6 |  7- 9 || total
-------------------------+-------+-------+-------++-------
Melee: War axe           |    86 |    21 |       ||   107
       Spear             |       |    64 |       ||    64
       Flail             |       |   135 |   107 ||   242
Invok: Convert to Beogh  |       |       |     1 ||     1
  Use: Scroll            |       |     1 |       ||     1
       Potion            |       |     2 |     2 ||     4
  Eat: Ration            |       |     2 |     1 ||     3
Armor: Scale mail        |    48 |    47 |       ||    95
       Ring mail         |       |    55 |    82 ||   137
Dodge: Dodged            |    33 |    94 |    44 ||   171
Block: Shield            |    58 |   112 |    70 ||   240
